 Dungeon Crawl Stone Soup version 0.17.0-24-gcfadda4 (webtiles) character file.

948 Leibowitz the Sneak (level 8, -1/48 HPs)
             Began as a Kobold Fighter on Nov 15, 2015.
             Was a Follower of Okawaru.
             Slain by a gnoll
             ... wielding a +0 halberd
              (4 damage)
             ... on level 4 of the Dungeon.
             The game lasted 00:22:49 (7090 turns).

Leibowitz the Sneak (Kobold Fighter)                Turns: 7090, Time: 00:22:49

Health: -1/48      AC:  9    Str: 15    XL:     8   Next: 35%
Magic:  9/9        EV: 11    Int:  6    God:    Okawaru [*.....]
Gold:   200        SH: 10    Dex: 17    Spells: 0 memorised, 8 levels left

rFire  . . .     SeeInvis .     b - +0 whip (venom)
rCold  . . .     Clarity  .     z - +0 scale mail
rNeg   . . .     SustAt   .     c - +0 shield
rPois  .         Gourm    .     (no helmet)
rElec  .         Spirit   .     (no cloak)
rCorr  .         Warding  .     q - +0 pair of gloves
rMut   .         Stasis   .     g - +0 pair of boots
MR     .....                    (no amulet)
Stlth  +.........               (no ring)
                                f - ring of flight

@: glowing, not resistant to hostile enchantments, very unstealthy
A: carnivore 3
a: Heroism, Renounce Religion, Evoke Flight


You were on level 4 of the Dungeon.
You worshipped Okawaru.
Okawaru was aware of your devotion.
You were completely stuffed.

You visited 2 branches of the dungeon, and saw 5 of its levels.

You collected 200 gold pieces.

Inventory:

Hand Weapons
 a - a +0 rapier
 b - a +0 whip of venom (weapon)
Missiles
 s - 19 poisoned needles
Armour
 c - a +0 shield (worn)
 g - a +0 pair of boots (worn)
 q - a +0 pair of gloves (worn)
 z - a +0 scale mail (worn)
Jewellery
 f - a ring of flight (left hand)
Wands
 r - a wand of paralysis (5)
Scrolls
 h - 3 scrolls of identify {unknown}
 j - 2 scrolls of blinking {unknown}
 k - 2 scrolls of remove curse {unknown}
 n - 2 scrolls of magic mapping {unknown}
 o - a scroll of amnesia {unknown}
 p - a scroll of fog {unknown}
 t - a scroll of fear {unknown}
 v - a scroll of enchant weapon {unknown}
 w - a scroll of recharging {unknown}
 x - a scroll of teleportation {unknown}
Potions
 l - a potion of resistance
 u - a potion of haste
Comestibles
 e - 3 meat rations
 i - 2 beef jerkies
 m - a royal jelly


   Skills:
 + Level 4.6 Fighting
 + Level 4.8 Short Blades
 + Level 0.4 Throwing
 + Level 3.9 Armour
 + Level 3.9 Dodging
 * Level 5.3 Stealth
 + Level 4.3 Shields
 - Level 0.8 Spellcasting


You had 8 spell levels left.
You didn't know any spells.

Dungeon Overview and Level Annotations

Branches:
Dungeon (4/15)             Temple (1/1) D:4

Altars:
Ashenzari
Cheibriados
Dithmenos
Elyvilon
Fedhas
Gozag
Kikubaaqudgha
Makhleb
Nemelex Xobeh
Okawaru
Qazlal
Ru
Sif Muna
Trog
Vehumet
Xom
Yredelemnul
Zin
The Shining One


Innate Abilities, Weirdness & Mutations

You are small and have problems with some larger weapons.
You are carnivorous and can eat meat at any time.


Message History

The gnoll misses you.
Items here: (( ) [ a club; a leather armour; a throwing net; a throwing net You completely miss the gnoll.
The gnoll hits you with a halberd.
* * * LOW HITPOINT WARNING * * *
Firing (i - inventory): No suitable missiles.
Press: ? - help, Shift-Dir - straight line, f - gnoll
Aim: a gnoll, wielding a halberd (fast)
Okay, then.
Drink which item? (? for menu, Esc to quit)
Okay, then.
It begins to drip with poison!
b - a +0 whip of venom (weapon)
You hit the gnoll.
The gnoll is poisoned.
The gnoll is lightly wounded.
The gnoll hits you with a halberd!
* * * LOW HITPOINT WARNING * * *
You block the gnoll's attack.
The gnoll hits you from afar with a halberd.
You die...

....P......†÷†.................P.
............P..............).P...
..≈≈≈≈≈≈≈≈≈≈≈≈≈≈≈≈≈†≈≈≈≈≈≈≈≈≈≈≈≈≈
..≈≈≈≈≈≈≈≈≈≈≈≈≈≈≈≈≈≈≈≈≈≈≈≈≈≈≈≈≈≈≈
..≈≈#####≈≈≈≈≈≈≈≈≈≈≈≈≈≈≈≈≈≈≈≈≈≈≈≈
..≈≈#...#........................
..≈≈#...#########################
..≈≈###'#....)g)......##........'
..≈≈≈.#.#....###@############'###
..≈≈≈.#.#....#.#..............#.#
..≈≈≈.#.###)##.#..............#.#
..≈≈≈.#......#.#..............#.#
).≈≈≈.#......#.'..............'.#
..≈≈≈.#.#########################
..≈≈≈.#.#...........#....#.).....
..≈≈≈.#.'......g....'....'.......
..≈≈###)#...........#....#.......


You could see a gnoll.

Vanquished Creatures
  An ogre (D:4)
  A phantom (D:4)
  A gnoll sergeant (D:4)
  A hound (D:4)
  2 gnoll shamans (D:4)
  2 orc priests (D:4)
  2 worker ants (D:4)
  8 adders
  35 gnolls (D:4)
  3 worms (D:2)
  3 giant geckos
  8 orcs
  2 bats
  A giant cockroach (D:2)
  2 goblins
  8 hobgoblins
  22 jackals
  4 kobolds
  3 quokkas
  7 giant newts
  4 rats
  A toadstool (D:1)
121 creatures vanquished.

Vanquished Creatures (others)
  A quokka (D:2)
  A plant (D:4)
  3 toadstools (D:1)
5 creatures vanquished.

Grand Total: 126 creatures vanquished

Notes
Turn   | Place    | Note
--------------------------------------------------------------
     0 | D:1      | Leibowitz the Kobold Fighter began the quest for the Orb.
     0 | D:1      | Reached XP level 1. HP: 14/14 MP: 1/1
   403 | D:1      | Reached XP level 2. HP: 13/19 MP: 1/3
   566 | D:2      | Reached XP level 3. HP: 16/23 MP: 4/4
   952 | D:2      | Reached skill level 1 in Stealth
  1057 | D:2      | Reached skill level 1 in Dodging
  1057 | D:2      | Reached XP level 4. HP: 12/28 MP: 5/5
  1523 | D:2      | Found a white marble altar of Elyvilon.
  2401 | D:3      | Reached XP level 5. HP: 26/33 MP: 6/6
  3238 | D:4      | Reached skill level 4 in Fighting
  3539 | D:4      | Reached XP level 6. HP: 24/38 MP: 7/7
  4243 | D:4      | Found a staircase to the Ecumenical Temple.
  4254 | Temple   | Entered the Ecumenical Temple
  4334 | Temple   | Became a worshipper of Warmaster Okawaru
  4871 | D:4      | Reached XP level 7. HP: 33/43 MP: 8/8
  6360 | D:4      | Reached XP level 8. HP: 27/48 MP: 9/9
  6673 | D:4      | Reached * piety under Okawaru
  6777 | D:4      | Reached skill level 5 in Stealth
  7089 | D:4      | HP: 2/48 [gnoll/halberd (10)]
  7090 | D:4      | Slain by a gnoll

Action                   |  1- 3 |  4- 6 |  7- 9 || total
-------------------------+-------+-------+-------++-------
Melee: Rapier            |   141 |   433 |   288 ||   862
       Whip              |       |       |    13 ||    13
Throw: Throwing net      |       |     1 |     7 ||     8
  Use: Potion            |     1 |     6 |     1 ||     8
 Stab: Distracted        |       |     2 |       ||     2
       Sleeping          |       |     1 |       ||     1
       Held in net/web   |       |       |     8 ||     8
  Eat: Chunk             |     8 |    14 |     8 ||    30
